 Dungeon Crawl Stone Soup version 0.31.0-11-ge490571c62 (webtiles) character file.

Game seed: 3112055712257359870

123 qw the Shooter (level 4, 0/23 HPs)
             Began as a Spriggan Hunter on Feb 4, 2024.
             Slain by a gnoll
             ... wielding a +0 spear
              (4 damage)
             ... on level 2 of the Dungeon.
             The game lasted 00:00:05 (1147 turns).

qw the Shooter (Spriggan Hunter)                    Turns: 1147, Time: 00:00:05

Health: 0/23       AC:  2    Str:  7    XL:     4   Next: 79%
Magic:  5/5        EV: 20    Int: 10    God:
Gold:   52         SH:  0    Dex: 20    Spells: 3/3 levels left

rFire   . . .        a - +0 shortbow
rCold   . . .        (shield currently unavailable)
rNeg    . . .        c - +0 robe
rPois   .            (helmet restricted)
rElec   .            (no cloak)
rCorr   .            (gloves unavailable)
SInv    +            (boots unavailable)
Will    .....        (no amulet)
Stlth   ++           (no ring)
HPRegen 0.23/turn    (no ring)
MPRegen 0.09/turn

%: no passive effects
@: about to teleport, very quick
A: very small, no large weapons, unfitting armour, see invisible, speed 3
a: no special abilities


You were on level 2 of the Dungeon.
You visited 1 branch of the dungeon, and saw 2 of its levels.

You collected 52 gold pieces.


Innate Abilities, Weirdness & Mutations

You are very small and have problems with some larger weapons.
You are too small for most types of armour.
You have supernaturally acute eyesight. (SInv)
You cover ground extremely quickly. (Speed+++)


   Skills:
 + Level 1.8 Fighting
 - Level 5.1 Ranged Weapons
 - Level 5.1 Dodging
 - Level 1.5 Stealth


You had 3 spell levels left.
You didn't know any spells.
Your spell library was empty.

Inventory:

Hand Weapons
 a - a +0 shortbow (weapon)
Armour
 c - a +0 robe (worn)
Wands
 f - a wand of roots (10)
Scrolls
 b - a scroll of identify
 e - a scroll of teleportation
Potions
 d - a potion of brilliance {unknown}
 h - 2 potions of curing

Dungeon Overview and Level Annotations

Branches:
Dungeon (2/15)

Altars:
Ashenzari


Message History

The gnoll shouts!
The arrow hits the gnoll.
You kill the gnoll!
A gnoll comes into view. It is wielding a +0 spear.
You shoot an arrow. The gnoll shouts!
The arrow hits the gnoll.
The gnoll is lightly wounded.
A bat comes into view.
The bat moves out of view.
You shoot an arrow. The arrow hits the gnoll.
The gnoll is moderately wounded.
You shoot an arrow. The arrow hits the gnoll!
You kill the gnoll!
Your Dodging skill increases to level 5!
You shoot an arrow. The arrow hits the gnoll.
The gnoll is heavily wounded.
The gnoll closely misses you.
You shoot an arrow. The arrow barely misses the gnoll.
The arrow hits the gnoll.
The gnoll is moderately wounded.
The gnoll hits you from afar with a +0 spear.
You shoot an arrow. The arrow hits the gnoll!
You kill the gnoll!
You shoot an arrow. The arrow hits the gnoll.
The gnoll is moderately wounded.
The gnoll hits you from afar with a +0 spear!
You shoot an arrow. The arrow closely misses the gnoll.
The gnoll hits you from afar with a +0 spear.
You shoot an arrow. The arrow closely misses the gnoll.
The bat barely misses you. The bat closely misses you. The gnoll misses you.
The gnoll completely misses you.
You shoot an arrow. The arrow barely misses the bat.
The bat closely misses you.
The gnoll hits you from afar with a +0 spear!
1147 ||| READING 2 scrolls of teleportation.
As you read the scroll of teleportation, it crumbles to dust.
You feel strangely unstable. The bat completely misses you.
The gnoll hits you from afar with a +0 spear.
You die...

#.................. ...
.........##........ ....
#........##.#...#..
.)..##........##...:....
.....##.##########....
........##########...
#)g.##..............
#.b####%............
.##..@....#####.......
#........### #.......
#..#.###.....# #.......
## #. #####.###....... #
......... #.#.......
#.######.. ### #


You could see a gnoll and a bat.

Vanquished Creatures
  3 gnolls (D:2)
  3 adders (D:2)
  A dart slug (D:1)
  7 endoplasms
  5 giant cockroaches
  9 goblins
  6 hobgoblins
  3 jackals (D:1)
  4 kobolds
  5 quokkas
  A ball python (D:2)
  4 bats
  A frilled lizard (D:1)
  4 rats (D:1)
56 creatures vanquished.

Notes
Turn   | Place    | Note
-------+----------+-------------------------------------------
     0 | D:1      | qw the Spriggan Hunter began the quest for the Orb.
     0 | D:1      | Reached XP level 1. HP: 10/10 MP: 2/2
     0 | D:1      | 0 ||| qw: Version: 0.3-a-160-g6735b56
     0 | D:1      | 0 ||| qw: Game counter: 5654
     0 | D:1      | 0 ||| qw: Melee chars always use a shield: true
     0 | D:1      | 0 ||| qw: God list: Okawaru
     0 | D:1      | 0 ||| qw: Allow faded altars: false
     0 | D:1      | 0 ||| qw: Do Orc after clearing Dungeon:15 true
     0 | D:1      | 0 ||| qw: Do second Lair branch before Depths: true
     0 | D:1      | 0 ||| qw: Lair rune preference: random
     0 | D:1      | 0 ||| qw: Goals: Normal
     0 | D:1      | 0 ||| PLANNING D:1-11
    39 | D:1      | Reached skill level 3 in Dodging
    77 | D:1      | Reached XP level 2. HP: 14/14 MP: 3/3
   296 | D:1      | Reached XP level 3. HP: 18/18 MP: 4/4
   666 | D:1      | Found a faded altar of an unknown god.
   774 | D:1      | 774 ||| DROPPING +6 ring of intelligence.
   775 | D:1      | 775 ||| READING 2 scrolls labelled NEUSOD XAMIA.
   778 | D:1      | 778 ||| READING scroll labelled TUOQ HOZAKHAECANU.
   779 | D:1      | 779 ||| READING scroll labelled ETEMNO TICWAI.
   779 | D:1      | 779 ||| IDENTIFYING 2 orange potions
   780 | D:1      | 780 ||| DROPPING scroll of butterflies.
   887 | D:2      | Found a broken altar of Ashenzari.
   893 | D:2      | Reached XP level 4. HP: 21/22 MP: 5/5
  1146 | D:2      | HP: 3/23 [gnoll/+0 spear (9)]
  1147 | D:2      | 1147 ||| READING 2 scrolls of teleportation.
  1147 | D:2      | Slain by a gnoll

Levels and vault maps discovered:
D:1:      psy_arrival_radial01, layout_basic,
          dreamdust_ecumenical_altar_hidden_monk_grotto
D:2:      layout_rooms, basic_altar, grunt_decor_arrowhead

Skill      XL: |  1  2  3  4 |
---------------+-------------+-----
Dodging        | 3 4 5 |  5.1
Ranged Weapons | 5 |  5.1
Fighting       | |  1.8
Stealth        | |  1.5

Action                     |  1- 3 |  4- 6 || total
---------------------------+-------+-------++-------
   Fire: Shortbow          |   124 |    33 ||   157
    Use: Scroll            |     3 |     1 ||     4
 Armour: Robe              |    13 |     7 ||    20
  Dodge: Dodged            |    44 |    23 ||    67

Table legend:
 A = Non-vault XP
 B = Vault XP
 C = Vault XP percentage of total XP
 D = Non-vault monster count
 E = Vault monster count
 F = Vault count percentage of total count
                 A         B        C        D         E       F
            +---------+---------+-------+---------+---------+-------
      Total |     176 |       0 |   0.0 |      56 |       0 |   0.0
            +---------+---------+-------+---------+---------+-------
        D:1 |      65 |       0 |   0.0 |      35 |       0 |   0.0
        D:2 |     111 |       0 |   0.0 |      21 |       0 |   0.0
            +---------+---------+-------+---------+---------+-------
